 Dungeon Crawl Stone Soup version 0.16-a0-890-g98fc465 (webtiles) character file.

1777 Afay the Fighter (level 8, -10/74 HPs)
             Began as a Minotaur Fighter on Sept 29, 2014.
             Was a Priest of Zin.
             Killed from afar by Chiseanne's ghost (18 damage)
             ... with an orb of energy
             ... on Level 7 of the Dungeon.
             The game lasted 00:19:52 (6574 turns).

Afay the Fighter (Minotaur Fighter)                 Turns: 6574, Time: 00:19:53

HP -10/74        AC 10     Str 29      XL: 8   Next: 81%
MP  19/19        EV  6     Int  7      God: Zin [***...]
Gold 284         SH 11     Dex 15      Spells:  0 memorised,  7 levels left

rFire  + . .     SeeInvis +     a - +0 flail
rCold  . . .     Clarity  .     g - +0 chain mail
rNeg   . . .     rCorr    .     c - +0 shield
rPois  +         rRot     .     (helmet restricted)
rElec  .         Spirit   .     (no cloak)
SustAb .         Warding  .     (no gloves)
rMut   .         Stasis   .     (no boots)
Gourm  .                        (no amulet)
MR     .....                    D - cursed ring of Grug {rPois rF+ MP+9 Dex+2 SInv}
                                A - ring of regeneration

@: mighty, vitalised, short of breath, not resistant to hostile enchantments,
extremely unstealthy
A: retaliatory headbutt, horns 2
a: Recite, Vitalisation, Imprison, Renounce Religion


You were on level 7 of the Dungeon.
You worshipped Zin.
Zin was most pleased with you.
You were not hungry.

You visited 2 branches of the dungeon, and saw 8 of its levels.

You collected 315 gold pieces.
You donated 31 gold pieces to Zin.

Inventory:

Hand weapons
 a - a +0 flail (weapon)
Armour
 c - a +0 shield (worn)
 g - a +0 chain mail (worn)
Magical devices
 t - a wand of enslavement (8)
 v - a wand of lightning (2)
 C - a wand of frost (9)
Comestibles
 d - 3 bread rations
 w - 3 meat rations
Scrolls
 b - a scroll of recharging {unknown}
 h - 2 scrolls of teleportation
 i - 2 scrolls of identify
 k - 4 scrolls of magic mapping
 l - 3 scrolls of fog {unknown}
 m - 2 scrolls of enchant weapon {unknown}
 n - 5 scrolls of remove curse {unknown}
 o - a scroll of immolation {unknown}
 q - a scroll of noise {unknown}
 r - a scroll of fear {unknown}
 u - a scroll of amnesia {unknown}
 y - a scroll of enchant armour {unknown}
 B - a scroll of acquirement {unknown}
Jewellery
 j - an uncursed ring of protection from cold {unknown}
 A - a ring of regeneration (left hand)
 D - the cursed ring of Grug (right hand) {rPois rF+ MP+9 Dex+2 SInv}
   (You found it on level 6 of the Dungeon)

   [ring of magical power]

   It affects your dexterity (+2).
   It protects you from fire.
   It protects you from poison.
   It affects your magic capacity (+9).
   It enhances your eyesight.
   It has a curse placed upon it.
Potions
 f - 5 potions of curing {unknown}
 p - a potion of heal wounds {unknown}
 s - a potion of degeneration
 x - 2 potions of haste {unknown}
 z - a potion of brilliance {unknown}


   Skills:
 - Level 8.3 Fighting
 - Level 5.0 Maces & Flails
 - Level 7.2 Armour
 + Level 6.1 Shields
 - Level 5.0 Invocations
 - Level 2.0 Evocations


You had 7 spell levels left.
You didn't know any spells.

Dungeon Overview and Level Annotations

Branches:
Dungeon (7/15)             Temple (1/1) D:4

Altars:
Dithmenos
Fedhas
Nemelex Xobeh
Qazlal
Ru
Sif Muna
Vehumet
Zin

Annotations:
D:7 Chiseanne's ghost, experienced SpCj


Innate Abilities, Weirdness & Mutations

You reflexively headbutt those who attack you in melee.
You have a pair of horns on your head.


Message History

You block Chiseanne's ghost's attack.
You miss Chiseanne's ghost.
Chiseanne's ghost is lightly damaged.
Chiseanne's ghost casts a spell at you. The orb of energy hits you!
* * * LOW HITPOINT WARNING * * *
The orb of energy explodes!
Chiseanne's ghost barely misses you. You furiously retaliate!
You headbutt Chiseanne's ghost!! You miss Chiseanne's ghost.
Your headbutt misses Chiseanne's ghost.
Chiseanne's ghost is severely damaged.
Chiseanne's ghost hits you but does no damage.
Your divine stamina protects you from poison!
You miss Chiseanne's ghost.
Chiseanne's ghost is severely damaged.
Chiseanne's ghost's fingertips begin to glow.
Chiseanne's ghost barely misses you. You furiously retaliate!
You headbutt Chiseanne's ghost. Chiseanne's ghost casts a spell at you.
The orb of energy hits you!
You die...

...###...#
##.........
..........#
...........#
...........
.............
..........
###..........###
......!
.............#
#...##
.............##
#..#
.....#....##..##
#..###.........#
###.#
##..W@........#
##.
##.....###### #.
##....## ##
###.....# #
##.......#
########
##........#
#.[.....
##.).......#
#........
##...###....##
#....... ###
##..### ##....#
#######.


You could see Chiseanne's ghost.

Vanquished Creatures
  Menkaure (D:7)
  A water moccasin (D:7)
  A sky beast (D:6)
  6 ogres
  2 phantoms (D:7)
  A centaur (D:5)
  2 giant frogs (D:6)
  2 scorpions
  A jelly (D:5)
  A giant frog skeleton (D:4)
  An orc wizard (D:5)
  A hound (D:5)
  Natasha (D:5)
  4 worker ants
  An iguana (D:4)
  A killer bee zombie (D:7)
  An ogre zombie (D:5)
  6 adders
  2 shadow imps
  A giant mite (D:2)
  2 worms
  An adder skeleton (D:6)
  An iguana zombie (D:5)
  A giant gecko (D:3)
  2 oozes
  12 orcs
  A ball python (D:7)
  12 hobgoblins
  11 kobolds
  9 bats
  4 giant cockroaches
  A giant newt (D:4)
  10 goblins
  16 jackals
  7 rats
  A rat skeleton (D:4)
128 creatures vanquished.

Vanquished Creatures (others)
  A quokka (D:7)
  2 butterflies (D:4)
3 creatures vanquished.

Grand Total: 131 creatures vanquished

Notes
Turn   | Place    | Note
--------------------------------------------------------------
     0 | D:1      | Afay, the Minotaur Fighter, began the quest for the Orb.
     0 | D:1      | Reached XP level 1. HP: 19/19 MP: 1/1
   130 | D:1      | Reached XP level 2. HP: 26/26 MP: 1/1
   216 | D:1      | Reached skill level 4 in Armour
   892 | D:2      | Reached XP level 3. HP: 30/33 MP: 2/2
  1014 | D:2      | Found a sparkling altar of Nemelex Xobeh.
  1085 | D:2      | Found a stormy altar of Qazlal.
  1424 | D:2      | Found a blossoming altar of Fedhas.
  1667 | D:2      | Found a glowing silver altar of Zin.
  1731 | D:2      | Became a worshipper of Zin the Law-Giver
  1731 | D:2      | Acquired Zin's first power
  2597 | D:4      | Acquired Zin's second power
  2706 | D:4      | Reached XP level 4. HP: 32/40 MP: 2/2
  2719 | D:4      | Noticed an ogre
  2722 | D:4      | HP: 1/40 [ogre/giant spiked club (19)]
  3220 | D:4      | Noticed an ogre
  3236 | D:4      | Reached skill level 1 in Invocations
  3238 | D:4      | Killed an ogre
  3238 | D:4      | Reached skill level 5 in Fighting
  3238 | D:4      | Reached XP level 5. HP: 44/48 MP: 2/3
  3338 | D:4      | Found a sacrificial altar of Ru.
  3536 | D:4      | Noticed an ogre
  3544 | D:4      | Killed an ogre
  3544 | D:4      | Reached XP level 6. HP: 29/56 MP: 3/6
  3675 | D:4      | Found a radiant altar of Vehumet.
  3818 | D:4      | Killed an ogre
  3818 | D:4      | Reached skill level 5 in Armour
  3996 | D:4      | Reached skill level 1 in Evocations
  4020 | D:4      | Found a staircase to the Ecumenical Temple.
  4071 | Temple   | Entered the Ecumenical Temple
  4142 | D:5      | Entered Level 5 of the Dungeon
  4144 | D:5      | Reached XP level 7. HP: 61/61 MP: 8/8
  4166 | D:5      | Found a deep blue altar of Sif Muna.
  4498 | D:5      | Reached skill level 5 in Shields
  4516 | D:5      | Found a sparkling altar of Nemelex Xobeh.
  4891 | D:5      | Reached skill level 6 in Shields
  5042 | D:5      | Noticed Natasha
  5053 | D:5      | Killed Natasha
  5355 | D:6      | Reached skill level 5 in Maces & Flails
  5412 | D:6      | Got a warped turquoise ring
  5413 | D:6      | Identified the ring of Grug {rPois rF+ MP+9 Dex+2 SInv} (You found it on level 6 of the Dungeon)
  5471 | D:6      | Reached XP level 8. HP: 66/69 MP: 9/9
  5602 | D:6      | Reached skill level 5 in Invocations
  5715 | D:6      | Acquired Zin's third power
  5776 | D:6      | Found a shadowy altar of Dithmenos.
  5942 | D:7      | Noticed Chiseanne's ghost (experienced SpCj)
  6026 | D:7      | Noticed Menkaure
  6029 | D:7      | Killed Menkaure
  6064 | D:7      | Reached skill level 7 in Fighting
  6197 | D:7      | Reached skill level 8 in Fighting
  6574 | D:7      | Killed from afar by Chiseanne's ghost

Action                   |  1- 3 |  4- 6 |  7- 9 || total
-------------------------+-------+-------+-------++-------
Melee: Flail             |   104 |    67 |   215 ||   386
Invok: Recite            |       |     5 |     9 ||    14
       Vitalisation      |       |     2 |     2 ||     4
Evoke: Wand              |       |     3 |     2 ||     5
  Use: Scroll            |       |     4 |     2 ||     6
       Potion            |       |       |     1 ||     1
 Stab: Confused          |       |       |     2 ||     2
  Eat: Chunk             |     2 |     1 |     2 ||     5
       Bread ration      |     1 |       |     1 ||     2
       Beef jerky        |       |     1 |     3 ||     4
       Pizza             |       |     1 |       ||     1
